 Dungeon Sprint DCSS version 0.26-a0-661-g406de6ba63 (webtiles) character file.

Game seed: 7695715342852924102

3025 sahdkjhfkaj the Brawler (level 9, -5/110 HPs)
             Began as a Troll Chaos Knight on Oct 8, 2020.
             Was an Initiate of Zin.
             Slain by a freezing wraith (6 damage)
             ... in the Dungeon (Sprint VII: "The Pits").
             The game lasted 00:03:20 (1145 turns).

sahdkjhfkaj the Brawler (Troll Chaos Knight)        Turns: 1145, Time: 00:03:22

Health: -5/110     AC:  9    Str: 23    XL:     9   Next: 55%
Magic:  8/8        EV: 10    Int:  8    God:    Zin [......]
Gold:   0          SH:  0    Dex:  9    Spells: 8/8 levels left

rFire    . . .     SeeInvis .     - Unarmed
rCold    . . .     Faith    .   (no shield)
rNeg     . . .     Spirit   .   a - +2 robe
rPois    .         Reflect  .   (helmet restricted)
rElec    .         Harm     .   q - +0 cloak
rCorr    .         Rampage  .   (gloves unavailable)
MR       .....     NoTele   +   (boots unavailable)
Stlth    +.........             (no amulet)
HPRegen  0.68/turn              (no ring)
MPRegen  0.11/turn              (no ring)

@: slowed, very slow
A: large, unfitting armour, claws 3, regeneration 1, shaggy fur 1, tough skin 3,
weak 1
a: Donate Gold, Renounce Religion


You were in the Dungeon.
You worshipped Zin.
Zin was noncommittal.
You visited 1 branch

Inventory:

Armour
 a - a +2 robe (worn)
 q - a +0 cloak (worn)
Jewellery
 n - a +3 ring of evasion
 p - a +3 ring of dexterity
Scrolls
 g - a scroll of blinking
 i - 3 scrolls of remove curse
 j - 5 scrolls of amnesia
 k - a scroll of summoning
 l - 2 scrolls of vulnerability
Potions
 b - 8 potions of curing
 c - 7 potions of heal wounds
 d - a potion of haste
 e - 4 potions of magic
 f - 3 potions of berserk rage
 h - 2 potions of invisibility
 m - 2 potions of brilliance
 o - 2 potions of might


   Skills:
 + Level 13.4 Fighting
 - Level 1.9 Dodging
 - Level 15.0 Unarmed Combat


You had 8 spell levels left.
You didn't know any spells.
Your spell library was empty.

Dungeon Overview and Level Annotations

Branches:
Dungeon (1/1)

Altars:
Ashenzari
Cheibriados
Dithmenos
Elyvilon
Fedhas
Gozag
Hepliaklqana
Kikubaaqudgha
Makhleb
Nemelex Xobeh
Okawaru
Qazlal
Ru
Sif Muna
Trog
Uskayaw
Vehumet
Wu Jian
Xom
Yredelemnul
Zin
The Shining One
Beogh
Jiyva
Lugonu


Innate Abilities, Weirdness & Mutations

You are too large for most types of armour.
You have claws for hands.
Your natural rate of healing is unusually fast.
You are covered in fur. (AC +1)
You have extremely tough skin. (AC +3)
You are weak. (Str -2)


Message History

You mangle the freezing wraith!!
The freezing wraith is almost destroyed.
The red devil hits you from afar with a +2 demon trident of freezing!
* * * LOW HITPOINT WARNING * * *
The red devil freezes you.
* * * LOW HITPOINT WARNING * * *
The freezing wraith hits you.
* * * LOW HITPOINT WARNING * * *
The freezing wraith freezes you!!
* * * LOW HITPOINT WARNING * * *
The freezing wraith hits you. Zin protects you from harm!
The freezing wraith drains your vigour!
You feel yourself slow down.
You feel much better.
The red devil hits you from afar with a +2 demon trident of freezing!!
* * * LOW HITPOINT WARNING * * *
The red devil freezes you!
* * * LOW HITPOINT WARNING * * *
The freezing wraith hits you.
You die...

#.#####'#####''######
#.##.......##''#
#.##.......##÷.#
'.##.......##÷.# +#
####...<...##..# #.##
)[##.......##..# #...##
)[##.......##..## #.....#
####.......##...##4.....#
..###########...@W......+
.############...##......#
)#....#!.[[##..## #.....#
)#....#..[.##..# #...##
)†....'..))##..# #.##
'#....#..))##..# +#
.#....#..))##..#
################


You could see a freezing wraith and a red devil.

Vanquished Creatures
  Harold (D)
  An unseen horror (D)
  A black mamba (D)
  2 polar bears (D)
  A wyvern (D)
  An orc warrior (D)
  A sky beast (D)
  An ice beast (D)
  A phantom (D)
  A centaur (D)
  4 wolves (D)
  A scorpion (D)
  An orc priest (D)
  2 worker ants (D)
  2 gnolls (D)
  2 adders (D)
  3 river rats (D)
  An ufetubus (D)
  A ball python (D)
  3 bats (D)
  A quokka (D)
32 creatures vanquished.

Notes
Turn   | Place    | Note
-------+----------+-------------------------------------------
     0 | D        | sahdkjhfkaj the Troll Chaos Knight began the quest for the
                  | Orb.
     0 | D        | Reached XP level 1. HP: 22/22 MP: 0/0
    13 | D        | Noticed a worker ant
    18 | D        | Killed a worker ant
    18 | D        | Reached skill level 4 in Unarmed Combat
    18 | D        | Reached skill level 5 in Unarmed Combat
    18 | D        | Reached XP level 2. HP: 23/32 MP: 1/1
   158 | D        | Found a bloodstained altar of Trog.
   158 | D        | Found a shimmering blue altar of Sif Muna.
   158 | D        | Found a viscous altar of Jiyva.
   158 | D        | Found a hazy altar of Hepliaklqana.
   158 | D        | Found an opulent altar of Gozag.
   159 | D        | Found a glowing golden altar of the Shining One.
   159 | D        | Found a glowing silver altar of Zin.
   159 | D        | Found a basalt altar of Yredelemnul.
   159 | D        | Found a shimmering altar of Xom.
   159 | D        | Found an ornate altar of the Wu Jian Council.
   159 | D        | Found a sacrificial altar of Ru.
   159 | D        | Found a stormy altar of Qazlal.
   159 | D        | Found an iron altar of Okawaru.
   159 | D        | Found a sparkling altar of Nemelex Xobeh.
   159 | D        | Found a burning altar of Makhleb.
   159 | D        | Found a blossoming altar of Fedhas.
   159 | D        | Found a white marble altar of Elyvilon.
   159 | D        | Found a shadowy altar of Dithmenos.
   159 | D        | Found a snail-covered altar of Cheibriados.
   160 | D        | Found a radiant altar of Vehumet.
   160 | D        | Found a corrupted altar of Lugonu.
   160 | D        | Found a roughly hewn altar of Beogh.
   161 | D        | Found a hide-covered altar of Uskayaw.
   161 | D        | Found an ancient bone altar of Kikubaaqudgha.
   161 | D        | Found a broken altar of Ashenzari.
   165 | D        | Fell from the grace of Xom
   165 | D        | Became a worshipper of Zin the Law-Giver
   197 | D        | Reached XP level 3. HP: 39/39 MP: 2/2
   212 | D        | Reached skill level 6 in Unarmed Combat
   322 | D        | Reached skill level 7 in Unarmed Combat
   322 | D        | Reached XP level 4. HP: 41/49 MP: 3/3
   329 | D        | Reached skill level 5 in Fighting
   392 | D        | XOM: give mutations
   392 | D        | Gained mutation: You are weak. (Str -2) [Xom's mischief]
   406 | D        | Noticed a phantom
   407 | D        | Noticed an ice beast
   407 | D        | Noticed a centaur
   417 | D        | Reached skill level 8 in Unarmed Combat
   421 | D        | Killed a centaur
   421 | D        | Reached skill level 9 in Unarmed Combat
   421 | D        | Reached XP level 5. HP: 57/62 MP: 4/4
   423 | D        | Killed an ice beast
   423 | D        | Reached skill level 10 in Unarmed Combat
   423 | D        | Reached XP level 6. HP: 67/72 MP: 5/5
   460 | D        | Noticed Harold
   468 | D        | Killed Harold
   468 | D        | Reached skill level 11 in Unarmed Combat
   468 | D        | Reached skill level 12 in Unarmed Combat
   468 | D        | Reached skill level 10 in Fighting
   468 | D        | Reached skill level 13 in Unarmed Combat
   468 | D        | Reached XP level 7. HP: 55/87 MP: 6/6
   468 | D        | Reached XP level 8. HP: 61/96 MP: 7/7
   686 | D        | Noticed a black mamba
   691 | D        | Killed a black mamba
   695 | D        | Reached skill level 14 in Unarmed Combat
   788 | D        | Noticed a polar bear
   802 | D        | Killed a polar bear
   802 | D        | Reached XP level 9. HP: 43/106 MP: 8/8
   807 | D        | HP: 2/106 [wolf (6)]
  1043 | D        | XOM: torment (54/106 hp)
  1129 | D        | Noticed a red devil
  1129 | D        | Noticed a freezing wraith
  1129 | D        | Noticed a polar bear
  1134 | D        | Killed an unseen horror
  1134 | D        | Reached skill level 15 in Unarmed Combat
  1141 | D        | Killed a polar bear
  1144 | D        | HP: 1/110 [freezing wraith (19)]
  1144 | D        | Zin protects you from harm!
  1145 | D        | Slain by a freezing wraith

Illustrated notes

Levels and vault maps discovered:
D:        pitsprint [storerooms_1, entrance_room_1, metal_vault_3, armoury_3,
          mini_pit_1, grid_room_1, main_hall_1, silver_pit, the_coven_2,
          the_vestibule_1, steel_vault_1, golden_pit, hallway_of_sentries,
          crystal_vault_2, iron_vault_4, final_vault]

Skill      XL: |  1  2  3  4  5  6  7  8  9 |
---------------+----------------------------+-----
Unarmed Combat | 5 7 9 10 13 14 15 | 15.0
Fighting       | 4 7 10 11 13 | 13.4
Dodging        | |  1.9

Action                   |  1- 3 |  4- 6 |  7- 9 || total
-------------------------+-------+-------+-------++-------
Melee: Unarmed           |    17 |    36 |    50 ||   103
       Punch             |       |     2 |     3 ||     5
  Use: Potion            |       |       |     3 ||     3
Armor: Robe              |    10 |    17 |    27 ||    54
Dodge: Dodged            |    19 |    21 |    33 ||    73

Table legend: (Time is in decaauts)
 A = Elapsed time spent in this place.
 B = Non-inter-level travel time spent in this place.
 C = Inter-level travel time spent in this place.
 D = Time resting spent in this place.
 E = Time spent auto-exploring this place.
 F = Levels seen in this place.
 G = Mean time per level.
                   A        B        C        D        E       F      G
               +--------+--------+--------+--------+--------+-----+--------+
         Total |   1124 |   1060 |     64 |    780 |      0 |   1 | 1124.0 |
       Dungeon |   1124 |   1060 |     64 |    780 |      0 |   1 | 1124.0 |
               +--------+--------+--------+--------+--------+-----+--------+

Top non-repeatable levels by time:
       D: 1124 daAuts
